TOP OF THE 1ST |
Mexico City Cerveceros batting - Pitching for Santa Monica Bruins : RHP Derek Simpson
|
Pitching: RHP Derek Simpson
|
|
Batting: SHB George Adams
|
0-0: Called Strike 0-1: Called Strike 0-2: Foul Ball, location: 2F 0-2: Ball 1-2: Strikes out swinging
|
Batting: RHB Murai Ishihara
|
0-0: Called Strike 0-1: Fly out, F9 (Line Drive, 9)
|
Batting: RHB Randy Sheppard
|
0-0: Called Strike 0-1: SINGLE (Groundball, 56D)
|
Batting: LHB Eduardo Gómez
|
0-0: Called Strike Randy Sheppard is caught stealing 2nd base
|
Top of the 1st over - 0 run(s), 1 hit(s), 0 error(s), 0 left on base; Mexico City 0 - Santa Monica 0 |
BOTTOM OF THE 1ST |
Santa Monica Bruins batting - Pitching for Mexico City Cerveceros : LHP Albert Alonzo
|
Pitching: LHP Albert Alonzo
|
|
Batting: RHB Guo-xiu Choi
|
0-0: Ball 1-0: Fly out, F5 (Popup, 6S)
|
Batting: RHB Roberto Cruz
|
0-0: Swinging Strike 0-1: Ball 1-1: Ball 2-1: Ball 3-1: Foul Ball, location: 2F 3-2: SINGLE (Line Drive, 7)
|
Batting: RHB Salvador Salas
|
0-0: Ball 1-0: Foul Ball, location: 2F 1-1: Ball 2-1: Foul Ball, location: 2F 2-2: Ball 3-2: Ground out 4-3 (Groundball, 4M) Roberto Cruz to second
|
Batting: RHB Alfredo López
|
0-0: Ball 1-0: Swinging Strike 1-1: Fly out, F8 (Flyball, 8RM)
|
Bottom of the 1st over - 0 run(s), 1 hit(s), 0 error(s), 1 left on base; Mexico City 0 - Santa Monica 0 |
TOP OF THE 2ND |
Mexico City Cerveceros batting - Pitching for Santa Monica Bruins : RHP Derek Simpson
|
Batting: LHB Eduardo Gómez
|
0-0: Ball 1-0: Called Strike 1-1: Foul Ball, location: 2F 1-2: Foul Ball, location: 2F 1-2: Ball 2-2: Ball 3-2: Foul Ball, location: 2F 3-2: SINGLE (Groundball, 34D)
|
Batting: RHB Robinson Pacheco
|
0-0: Called Strike 0-1: Ball 1-1: SINGLE (Groundball, 34D) Eduardo Gómez to second Runner from 2nd tries for 3rd, SAFE, throw made to third
|
Batting: RHB Robert Johnson
|
0-0: Ball 1-0: Called Strike 1-1: SINGLE (Groundball, 34D) Eduardo Gómez scores Robinson Pacheco to second Runner from 2nd tries for 3rd, SAFE, no throw
|
Batting: LHB Ricardo Ruíz
|
0-0: Ball 1-0: Ball Wild Pitch! Robinson Pacheco scores Robert Johnson to second 2-0: Ball 3-0: Base on Balls
|
Batting: LHB Don Soper
|
0-0: Ball 1-0: Foul Ball, location: 2F 1-1: Ball 2-1: Ball 3-1: Called Strike 3-2: Foul Ball, location: 2F 3-2: Foul Ball, location: 2F 3-2: Strikes out looking
|
Batting: RHB Lee Price
|
0-0: Called Strike 0-1: Ball 1-1: 3-RUN HOME RUN (Flyball, 78XD), Distance : 418 ft
|
Batting: SHB George Adams
|
0-0: Foul Ball, location: 2F 0-1: SINGLE (Groundball, 6MD)
|
Batting: RHB Murai Ishihara
|
0-0: Fly out, F5 (Line Drive, 56S)
|
Batting: RHB Randy Sheppard
|
0-0: Swinging Strike 0-1: Called Strike George Adams is caught stealing 2nd base
|
Top of the 2nd over - 5 run(s), 5 hit(s), 0 error(s), 0 left on base; Mexico City 5 - Santa Monica 0 |
BOTTOM OF THE 2ND |
Santa Monica Bruins batting - Pitching for Mexico City Cerveceros : LHP Albert Alonzo
|
Batting: SHB Ken Hernández
|
0-0: SINGLE (Flyball, 89S)
|
Batting: RHB Griswold Coleman
|
0-0: Called Strike 0-1: Foul Ball, location: 2F 0-2: Strikes out swinging
|
Batting: RHB Pablo Peña
|
0-0: Called Strike 0-1: Swinging Strike 0-2: Foul Ball, location: 2F 0-2: Ball 1-2: Foul Ball, location: 2F 1-2: Foul Ball, location: 2F 1-2: Ball 2-2: Ball 3-2: Base on Balls Ken Hernández to second
|
Batting: RHB Fletcher Reed
|
0-0: Ball Ken Hernández is caught stealing 3rd base Pablo Peña to second 1-0: SINGLE (Groundball, 56D) Pablo Peña to third Runner from 3rd tries for Home, SAFE, throw made home Fletcher Reed to second
|
Batting: LHB Ethan Shaw
|
0-0: Ball 1-0: Foul Ball, location: 2F 1-1: Ball 2-1: Ball 3-1: Base on Balls
|
Batting: RHB Guo-xiu Choi
|
0-0: Ball 1-0: Ball 2-0: Fly out, F8 (Flyball, 89M)
|
Bottom of the 2nd over - 1 run(s), 2 hit(s), 0 error(s), 2 left on base; Mexico City 5 - Santa Monica 1 |
TOP OF THE 3RD |
Mexico City Cerveceros batting - Pitching for Santa Monica Bruins : RHP Derek Simpson
|
Batting: RHB Randy Sheppard
|
0-0: Ball 1-0: Swinging Strike 1-1: Swinging Strike 1-2: Strikes out swinging
|
Batting: LHB Eduardo Gómez
|
0-0: Ball 1-0: Called Strike 1-1: Ball 2-1: Ball 3-1: Foul Ball, location: 2F 3-2: Strikes out swinging
|
Batting: RHB Robinson Pacheco
|
0-0: Ball 1-0: Called Strike 1-1: Swinging Strike 1-2: Ball 2-2: Fly out, F3 (Line Drive, 3)
|
Top of the 3rd over - 0 run(s), 0 hit(s), 0 error(s), 0 left on base; Mexico City 5 - Santa Monica 1 |
BOTTOM OF THE 3RD |
Santa Monica Bruins batting - Pitching for Mexico City Cerveceros : LHP Albert Alonzo
|
Batting: RHB Roberto Cruz
|
0-0: Ball 1-0: Ball 2-0: Called Strike 2-1: Foul Ball, location: 2F 2-2: Ball 3-2: Base on Balls
|
Batting: RHB Salvador Salas
|
0-0: Ball 1-0: Ball 2-0: Fly out, F8 (Line Drive, 89XD)
|
Batting: RHB Alfredo López
|
0-0: SINGLE (Groundball, 56D) Roberto Cruz to second
|
Batting: SHB Ken Hernández
|
0-0: Ball 1-0: Ball 2-0: Ball 3-0: Base on Balls Roberto Cruz to third Alfredo López to second
|
Batting: RHB Griswold Coleman
|
0-0: Ball 1-0: Foul Ball, location: 2F 1-1: Foul Ball, location: 2F 1-2: Ball 2-2: Ball 3-2: DOUBLE (Line Drive, 89XD) Roberto Cruz scores Alfredo López scores Ken Hernández to third Runner from 3rd tries for Home, SAFE, no throw
|
Batting: RHB Pablo Peña
|
0-0: Called Strike 0-1: 2-RUN HOME RUN (Flyball, 8RXD), Distance : 435 ft
|
Pitching: LHP Daniel Draper
|
|
Batting: RHB Fletcher Reed
|
0-0: Ground out 5-3 (Groundball, 5L)
|
Batting: LHB Ethan Shaw
|
0-0: Ball 1-0: SINGLE (Groundball, 56D)
|
Batting: RHB Guo-xiu Choi
|
0-0: Called Strike 0-1: Ball 1-1: Fly out, F4 (Popup, 4MD)
|
Bottom of the 3rd over - 5 run(s), 4 hit(s), 0 error(s), 1 left on base; Mexico City 5 - Santa Monica 6 |
TOP OF THE 4TH |
Mexico City Cerveceros batting - Pitching for Santa Monica Bruins : RHP Derek Simpson
|
Pitching: RHP Armand Calazzo
|
|
Batting: RHB Robert Johnson
|
0-0: Ball 1-0: Swinging Strike 1-1: Ball 2-1: Swinging Strike 2-2: Strikes out swinging
|
Batting: LHB Ricardo Ruíz
|
0-0: Called Strike 0-1: Foul Ball, location: 2F 0-2: Ball 1-2: Ball 2-2: Foul Ball, location: 2F 2-2: Foul Ball, location: 2F 2-2: Foul Ball, location: 2F 2-2: Ball 3-2: Foul Ball, location: 2F 3-2: Foul Ball, location: 2F 3-2: Base on Balls
|
Batting: LHB Don Soper
|
0-0: Ground out 4-3 (Groundball, 4S) Ricardo Ruíz to second
|
Batting: RHB Lee Price
|
0-0: Ball 1-0: Called Strike 1-1: Ball 2-1: Foul Ball, location: 2F 2-2: Ball 3-2: Strikes out swinging
|
Top of the 4th over - 0 run(s), 0 hit(s), 0 error(s), 1 left on base; Mexico City 5 - Santa Monica 6 |
BOTTOM OF THE 4TH |
Santa Monica Bruins batting - Pitching for Mexico City Cerveceros : LHP Daniel Draper
|
Batting: RHB Roberto Cruz
|
0-0: Ball 1-0: Called Strike 1-1: Called Strike 1-2: Ball 2-2: Foul Ball, location: 2F 2-2: Foul Ball, location: 2F 2-2: Foul Ball, location: 2F 2-2: DOUBLE (Line Drive, 89D)
|
Batting: RHB Salvador Salas
|
0-0: Called Strike 0-1: Ball 1-1: Called Strike 1-2: Fly out, F8 (Flyball, 8LM)
|
Batting: RHB Alfredo López
|
0-0: Ball 1-0: Ball 2-0: Swinging Strike 2-1: Swinging Strike 2-2: Ball 3-2: Foul Ball, location: 2F 3-2: Base on Balls
|
Batting: SHB Ken Hernández
|
0-0: Called Strike 0-1: Grounds into double play, 4-6-3 (Groundball, 34)
|
Bottom of the 4th over - 0 run(s), 1 hit(s), 0 error(s), 1 left on base; Mexico City 5 - Santa Monica 6 |
TOP OF THE 5TH |
Mexico City Cerveceros batting - Pitching for Santa Monica Bruins : RHP Armand Calazzo
|
Batting: SHB George Adams
|
0-0: Called Strike 0-1: Ground out 4-3 (Groundball, 4)
|
Batting: RHB Murai Ishihara
|
0-0: SOLO HOME RUN (Flyball, 78XD), Distance : 406 ft
|
Batting: RHB Randy Sheppard
|
0-0: Ball 1-0: SOLO HOME RUN (Flyball, 7D), Distance : 368 ft
|
Batting: LHB Eduardo Gómez
|
0-0: Foul Ball, location: 2F 0-1: Swinging Strike 0-2: Ball 1-2: Strikes out swinging
|
Batting: RHB Robinson Pacheco
|
0-0: Ball 1-0: Called Strike 1-1: Foul Ball, location: 2F 1-2: SINGLE (Groundball, 6MD)
|
Batting: RHB Robert Johnson
|
0-0: Called Strike 0-1: Ball 1-1: Ball 2-1: Ball 3-1: Base on Balls Robinson Pacheco to second
|
Batting: LHB Ricardo Ruíz
|
0-0: Ball 1-0: Foul Ball, location: 2F 1-1: Foul Ball, location: 2F 1-2: Strikes out swinging
|
Top of the 5th over - 2 run(s), 3 hit(s), 0 error(s), 2 left on base; Mexico City 7 - Santa Monica 6 |
BOTTOM OF THE 5TH |
Santa Monica Bruins batting - Pitching for Mexico City Cerveceros : LHP Daniel Draper
|
Batting: RHB Griswold Coleman
|
0-0: Ball 1-0: Ball 2-0: Ball 3-0: Base on Balls
|
Batting: RHB Pablo Peña
|
0-0: Called Strike 0-1: Ball 1-1: Ball 2-1: Foul Ball, location: 2F 2-2: Foul Ball, location: 2F 2-2: Ball 3-2: Grounds into double play, 5-4-3 (Groundball, 56)
|
Batting: RHB Fletcher Reed
|
0-0: Ball 1-0: Ground out 6-3 (Groundball, 6)
|
Bottom of the 5th over - 0 run(s), 0 hit(s), 0 error(s), 0 left on base; Mexico City 7 - Santa Monica 6 |
TOP OF THE 6TH |
Mexico City Cerveceros batting - Pitching for Santa Monica Bruins : RHP Armand Calazzo
|
Pitching: RHP Mario Chávez
|
|
Batting: LHB Don Soper
|
0-0: Called Strike 0-1: Swinging Strike 0-2: Foul Ball, location: 2F 0-2: Ball 1-2: Foul Ball, location: 2F 1-2: Fly out, F5 (Popup, 5D)
|
Batting: RHB Lee Price
|
0-0: Ball 1-0: Ball 2-0: Swinging Strike 2-1: Called Strike 2-2: Strikes out swinging
|
Batting: SHB George Adams
|
0-0: Ball 1-0: Fly out, F9 (Line Drive, 9)
|
Top of the 6th over - 0 run(s), 0 hit(s), 0 error(s), 0 left on base; Mexico City 7 - Santa Monica 6 |
BOTTOM OF THE 6TH |
Santa Monica Bruins batting - Pitching for Mexico City Cerveceros : LHP Daniel Draper
|
Batting: LHB Ethan Shaw
|
0-0: SINGLE (Groundball, 56D) (infield hit)
|
Batting: RHB Guo-xiu Choi
|
0-0: Fly out, F9 (Flyball, 89M)
|
Pinch Runner at 1st Francisco Medina:
|
|
Batting: RHB Roberto Cruz
|
0-0: Ball 1-0: SINGLE (Groundball, 6MD) Francisco Medina to second
|
Batting: RHB Salvador Salas
|
0-0: Called Strike 0-1: Called Strike 0-2: Fly out, F6 (Popup, 6M)
|
Batting: RHB Alfredo López
|
0-0: Ball 1-0: Ball 2-0: Fly out, F8 (Flyball, 8RS)
|
Bottom of the 6th over - 0 run(s), 2 hit(s), 0 error(s), 2 left on base; Mexico City 7 - Santa Monica 6 |
TOP OF THE 7TH |
Mexico City Cerveceros batting - Pitching for Santa Monica Bruins : RHP Mario Chávez
|
Now in RF: Marty Hendrickson
|
|
Batting: RHB Murai Ishihara
|
0-0: Called Strike 0-1: Ball 1-1: Ball 2-1: Foul Ball, location: 2F 2-2: Strikes out swinging
|
Batting: RHB Randy Sheppard
|
0-0: Ball 1-0: Foul Ball, location: 2F 1-1: Swinging Strike 1-2: Ball 2-2: Strikes out swinging
|
Pitching: LHP Don Sutherland
|
|
Batting: LHB Eduardo Gómez
|
0-0: Ball 1-0: Called Strike 1-1: Foul Ball, location: 2F 1-2: Ball 2-2: Ball 3-2: Foul Ball, location: 2F 3-2: Ground out 6-3 (Groundball, 6)
|
Top of the 7th over - 0 run(s), 0 hit(s), 0 error(s), 0 left on base; Mexico City 7 - Santa Monica 6 |
BOTTOM OF THE 7TH |
Santa Monica Bruins batting - Pitching for Mexico City Cerveceros : LHP Daniel Draper
|
Batting: SHB Ken Hernández
|
0-0: Ball 1-0: Foul Ball, location: 2F 1-1: Foul Ball, location: 2F 1-2: Ball 2-2: Foul Ball, location: 2F 2-2: Ball 3-2: Fly out, F3 (Popup, 3S)
|
Pitching: RHP Roberto Matoza
|
|
Batting: RHB Griswold Coleman
|
0-0: Called Strike 0-1: Swinging Strike 0-2: Strikes out swinging
|
Batting: RHB Pablo Peña
|
0-0: Ball 1-0: Foul Ball, location: 2F 1-1: Foul Ball, location: 2F 1-2: Strikes out swinging
|
Bottom of the 7th over - 0 run(s), 0 hit(s), 0 error(s), 0 left on base; Mexico City 7 - Santa Monica 6 |
TOP OF THE 8TH |
Mexico City Cerveceros batting - Pitching for Santa Monica Bruins : LHP Don Sutherland
|
Pitching: RHP Martín Ortíz
|
|
Batting: RHB Robinson Pacheco
|
0-0: Ball 1-0: Ball 2-0: Called Strike 2-1: Foul Ball, location: 2F 2-2: Ball 3-2: Foul Ball, location: 2F 3-2: DOUBLE (Flyball, 78D)
|
Batting: RHB Robert Johnson
|
0-0: Intentional Walk
|
Batting: LHB Ricardo Ruíz
|
0-0: Sac Bunt - play at third, runner OUT! 1-6 Robert Johnson to second
|
Pinch Hitting: LHB John Nicholson
|
0-0: Ball 1-0: Hit by Pitch Robert Johnson to third Ricardo Ruíz to second
|
Batting: RHB Lee Price
|
0-0: Called Strike 0-1: Swinging Strike 0-2: Strikes out swinging
|
Batting: SHB George Adams
|
0-0: Ball 1-0: Swinging Strike 1-1: Ball 2-1: Ball 3-1: Called Strike 3-2: Foul Ball, location: 2F 3-2: Foul Ball, location: 2F 3-2: Ground out 4-3 (Groundball, 4)
|
Top of the 8th over - 0 run(s), 1 hit(s), 0 error(s), 3 left on base; Mexico City 7 - Santa Monica 6 |
BOTTOM OF THE 8TH |
Santa Monica Bruins batting - Pitching for Mexico City Cerveceros : RHP Roberto Matoza
|
Now at SS: Soetsu Kaneko
|
|
Batting: RHB Fletcher Reed
|
0-0: Called Strike 0-1: Ball 1-1: Ball 2-1: Foul Ball, location: 2F 2-2: Ball 3-2: Ground out U3 (Groundball, 34)
|
Batting: RHB Marty Hendrickson
|
0-0: Called Strike 0-1: Ball 1-1: Called Strike 1-2: Strikes out looking
|
Batting: RHB Guo-xiu Choi
|
0-0: Swinging Strike 0-1: Ground out 1-3 (Groundball, 13)
|
Bottom of the 8th over - 0 run(s), 0 hit(s), 0 error(s), 0 left on base; Mexico City 7 - Santa Monica 6 |
TOP OF THE 9TH |
Mexico City Cerveceros batting - Pitching for Santa Monica Bruins : RHP Martín Ortíz
|
Batting: RHB Murai Ishihara
|
0-0: Called Strike 0-1: Ball 1-1: Swinging Strike 1-2: Foul Ball, location: 2F 1-2: Strikes out swinging
|
Pitching: RHP Carlos Rangel
|
|
Batting: RHB Randy Sheppard
|
0-0: Swinging Strike 0-1: Ball 1-1: Foul Ball, location: 2F 1-2: Foul Ball, location: 2F 1-2: Ground out 5-3 (Groundball, 56)
|
Batting: LHB Eduardo Gómez
|
0-0: SOLO HOME RUN (Flyball, 89XD), Distance : 412 ft
|
Batting: RHB Robinson Pacheco
|
0-0: Foul Ball, location: 2F 0-1: Called Strike 0-2: Strikes out swinging
|
Top of the 9th over - 1 run(s), 1 hit(s), 0 error(s), 0 left on base; Mexico City 8 - Santa Monica 6 |
BOTTOM OF THE 9TH |
Santa Monica Bruins batting - Pitching for Mexico City Cerveceros : RHP Roberto Matoza
|
Pitching: RHP Gil Dickson
|
|
Now at 3B: Claudio Souza
|
|
Batting: RHB Roberto Cruz
|
0-0: Ball 1-0: Reached on error, E6 (Groundball, 6)
|
Pinch Hitting: LHB Noriaki Sangi
|
0-0: Ball 1-0: Foul Ball, location: 2F 1-1: Ball 2-1: Swinging Strike 2-2: Strikes out swinging
|
Pinch Hitting: LHB Brent Alonzo
|
0-0: Ball 1-0: Swinging Strike 1-1: DOUBLE (Line Drive, 89D) Roberto Cruz to third Runner from 3rd tries for Home, SAFE, no throw
|
Batting: SHB Ken Hernández
|
0-0: Ground out 5-3 (Groundball, 5)
|
Batting: RHB Griswold Coleman
|
0-0: Ball 1-0: Ball 2-0: Ball 3-0: Foul Ball, location: 2F 3-1: Swinging Strike 3-2: Foul Ball, location: 2F 3-2: Base on Balls
|
Batting: RHB Pablo Peña
|
0-0: Foul Ball, location: 2F 0-1: Ball 1-1: Fly out, F8 (Flyball, 8RS)
|
Bottom of the 9th over - 1 run(s), 1 hit(s), 1 error(s), 2 left on base; Mexico City 8 - Santa Monica 7 |
|